 Dungeon Crawl Stone Soup version 0.18.1-48-g4cf74bf (webtiles) character file.

5373 Inkary the Fighter (level 10, -6/100 HPs)
             Began as a Minotaur Fighter on Aug 25, 2016.
             Was a High Priest of Okawaru.
             Mangled by a porcupine (8 damage)
             ... on level 8 of the Dungeon.
             The game lasted 00:14:57 (7420 turns).

Inkary the Fighter (Minotaur Fighter)               Turns: 7420, Time: 00:14:58

Health: -6/100     AC:  6    Str: 24    XL:     10   Next: 39%
Magic:  0/9        EV: 11    Int:  5    God:    Okawaru [*****.]
Gold:   515        SH:  0    Dex: 14    Spells: 0 memorised, 9 levels left

rFire  + . .     SeeInvis .     H - +8 great sword "Tituj" {drain, rC+ Dex+2}
rCold  + . .     Gourm    .     A - +1 leather armour {rF+}
rNeg   . . .     Faith    .     (shield currently unavailable)
rPois  .         Spirit   +     (helmet restricted)
rElec  .         Dismiss  .     x - +0 cloak
rCorr  .         Reflect  .     (no gloves)
SustAt .         Harm     .     (no boots)
MR     +....                    F - amulet of guardian spirit
Stlth  +.........               G - +2 ring of strength
                                n - ring of protection from magic

@: somewhat resistant to hostile enchantments, very unstealthy
A: retaliatory headbutt, horns 2
a: Heroism, Finesse, Renounce Religion


You were on level 8 of the Dungeon.
You worshipped Okawaru.
Okawaru was extremely pleased with you.
You were hungry.

You visited 3 branches of the dungeon, and saw 10 of its levels.

You collected 515 gold pieces.

Inventory:

Hand Weapons
 H - the +8 great sword "Tituj" (weapon) {drain, rC+ Dex+2}
   (You found it on level 7 of the Dungeon)

   A truly terrible weapon, it drains the life of those it strikes.
   It affects your dexterity (+2).
   It protects you from cold.
Missiles
 z - 8 exploding tomahawks (quivered)
Armour
 c - a +0 shield
 x - a +0 cloak (worn)
 A - a +1 leather armour of fire resistance (worn)
Jewellery
 n - a ring of protection from magic (left hand)
 q - an uncursed ring of positive energy
 F - an amulet of guardian spirit (around neck)
 G - a +2 ring of strength (right hand)
Wands
 C - a wand of paralysis (24/24)
Scrolls
 e - a scroll of immolation {unknown}
 g - 2 scrolls of teleportation {unknown}
 i - 6 scrolls of remove curse
 m - a scroll of enchant weapon {unknown}
 o - 3 scrolls of fog {unknown}
 r - 2 scrolls of magic mapping
 s - a scroll of amnesia {unknown}
 u - 2 scrolls of recharging
 y - 3 scrolls of identify {unknown}
 B - 2 scrolls of blinking {unknown}
Potions
 b - a potion of cure mutation {unknown}
 d - 2 potions of might
 h - a potion of curing
 l - a potion of ambrosia {unknown}
 p - a potion of flight
 v - a potion of agility {unknown}
 D - a potion of beneficial mutation {unknown}
Miscellaneous
 t - a crystal ball of energy
Comestibles
 f - 10 bread rations
 j - 7 meat rations


   Skills:
 * Level 12.9 Fighting
 + Level 6.0 Long Blades
   Level 7.2 Staves
 + Level 4.3 Throwing
 + Level 8.7 Armour
 - Level 4.1 Shields


You had 9 spell levels left.
You didn't know any spells.

Dungeon Overview and Level Annotations

Branches:
Dungeon (8/15)             Temple (1/1) D:4            Lair (1/8) D:8

Altars:
Ashenzari
Cheibriados
Gozag
Kikubaaqudgha
Makhleb
Nemelex Xobeh
Okawaru
Qazlal
Ru
Sif Muna
Trog
Vehumet
Xom
Yredelemnul
Zin
The Shining One
Jiyva

Annotations:
Abyss:1 Pikel


Innate Abilities, Weirdness & Mutations

You reflexively headbutt those who attack you in melee.
You have a pair of horns on your head.


Message History

* * * LOW HITPOINT WARNING * * *
The porcupine moves out of view.
The wolf closely misses you. The porcupine bites you!
* * * LOW HITPOINT WARNING * * *
There is a staircase back to the Dungeon here.
The wolf closely misses you. You furiously retaliate!
You headbutt the wolf. The porcupine bites you!
* * * LOW HITPOINT WARNING * * *
The wolf bites you.
* * * LOW HITPOINT WARNING * * *
You climb upwards.
Welcome back to the Dungeon!
There is a staircase to the Lair here.
Read which item? (? for menu, Esc to quit)
Okay, then.
Drink which item? (? for menu, Esc to quit)
You feel better. The wolf bites you!
* * * LOW HITPOINT WARNING * * *
The porcupine bites you!
You die...

#...# #...# #...#
###...######### .
#.............# ...
#. #.##.# #.#
....#.##.##.#####.#
........h......##.#
......r@.##.##.##.###
..###.#####.........#
#.......##.####.#
##########.####.# ..#
#...##.# #.# #.#.##.#
###.#####...(..#
#.....##......##
#.....##..#.#.#


You could see a wolf and a porcupine.

Vanquished Creatures
  The ghost of Roxy the Arsonist, a novice DEFE of Vehumet (D:7)
  5 yaks (Lair:1)
  Sigmund (D:4)
  Eustachio (D:5)
  A steam dragon (D:7)
  2 porcupines (Lair:1)
  Duvessa (D:5)
  2 wolves (Lair:1)
  An ogre (D:6)
  A phantom (D:7)
  3 centaurs
  A crocodile (Lair:1)
  4 giant frogs
  Dowan (D:5)
  3 scorpions
  12 killer bees (D:7)
  4 howler monkeys
  2 crimson imps
  A giant frog zombie (D:7)
  Crazy Yiuf (D:4)
  3 hounds
  6 orc wizards
  4 orc priests
  2 centaur skeletons
  8 jellies
  4 iguanas
  5 worker ants
  A mummy (D:7)
  2 worker ant zombies (D:5)
  12 adders
  6 gnolls
  3 shadow imps
  2 oozes
  An adder skeleton (D:7)
  5 worms
  3 dart slugs
  6 giant geckos
  12 orcs
  7 giant cockroaches
  A giant cockroach (shapeshifter) (D:5)
  7 goblins
  9 hobgoblins
  8 jackals
  13 kobolds
  4 quokkas
  2 ball pythons
  8 bats
  A giant gecko zombie (D:5)
  4 giant newts
  2 gnoll zombies (D:5)
  2 hobgoblin zombies (D:7)
  2 jackal skeletons (D:7)
  A jackal zombie (D:6)
  2 orc zombies (D:7)
  8 rats
214 creatures vanquished.

Vanquished Creatures (others)
  A jackal zombie (D:5)
1 creature vanquished.

Grand Total: 215 creatures vanquished

Notes
Turn   | Place    | Note
--------------------------------------------------------------
     0 | D:1      | Inkary the Minotaur Fighter began the quest for the Orb.
     0 | D:1      | Reached XP level 1. HP: 19/19 MP: 0/0
   172 | D:1      | Reached XP level 2. HP: 27/27 MP: 1/1
   243 | D:1      | Reached skill level 4 in Fighting
   559 | D:1      | Reached XP level 3. HP: 33/33 MP: 2/2
   820 | D:2      | Reached XP level 4. HP: 4/41 MP: 3/3
  1146 | D:2      | Reached skill level 5 in Fighting
  1433 | D:2      | Found an iron altar of Okawaru.
  1471 | D:2      | Became a worshipper of Warmaster Okawaru
  1549 | D:2      | Reached XP level 5. HP: 48/48 MP: 4/4
  1618 | D:2      | Noticed a moth of wrath
  1620 | D:2      | Found a bloodstained altar of Trog.
  1885 | D:3      | Reached skill level 6 in Fighting
  2280 | D:3      | Found a snail-covered altar of Cheibriados.
  2495 | D:4      | Reached XP level 6. HP: 37/58 MP: 5/5
  2580 | D:4      | Reached skill level 5 in Long Blades
  2590 | D:4      | Reached skill level 7 in Fighting
  2614 | D:4      | Noticed Crazy Yiuf
  2621 | D:4      | Killed Crazy Yiuf
  2724 | D:4      | Reached * piety under Okawaru
  2764 | D:4      | Found a staircase to the Ecumenical Temple.
  2775 | Temple   | Entered the Ecumenical Temple
  2995 | D:4      | Reached skill level 1 in Staves
  3066 | D:4      | Noticed Sigmund
  3072 | D:4      | Killed Sigmund
  3072 | D:4      | Reached XP level 7. HP: 54/67 MP: 6/6
  3092 | D:4      | Found a deep blue altar of Sif Muna.
  3129 | D:4      | Reached skill level 8 in Fighting
  3199 | D:5      | Entered Level 5 of the Dungeon
  3238 | D:5      | Noticed Duvessa
  3257 | D:5      | Noticed Dowan
  3258 | D:5      | Killed Duvessa
  3258 | D:5      | Reached skill level 5 in Armour
  3262 | D:5      | Killed Dowan
  3365 | D:5      | Noticed Eustachio
  3381 | D:6      | Reached ** piety under Okawaru
  3535 | D:5      | Reached skill level 9 in Fighting
  3535 | D:5      | Reached XP level 8. HP: 78/78 MP: 7/7
  4000 | D:5      | Found a snail-covered altar of Cheibriados.
  4178 | D:5      | Found a basalt altar of Yredelemnul.
  4243 | D:5      | Killed Eustachio
  4270 | D:5      | Noticed Pikel
  4277 | D:5      | Banished Pikel
  4277 | D:5      | Reached skill level 10 in Fighting
  4277 | D:5      | Reached skill level 5 in Staves
  4587 | D:6      | Reached *** piety under Okawaru
  4652 | D:6      | Reached XP level 9. HP: 82/86 MP: 8/8
  5037 | D:6      | Reached skill level 11 in Fighting
  5355 | D:7      | Noticed Roxy's ghost (novice DEFE)
  5374 | D:7      | Killed Roxy's ghost
  5374 | D:7      | Reached skill level 1 in Throwing
  5725 | D:7      | Reached **** piety under Okawaru
  6464 | D:7      | Reached skill level 12 in Fighting
  6485 | D:7      | Found a burning altar of Makhleb.
  6485 | D:7      | Found a radiant altar of Vehumet.
  6703 | D:7      | Reached XP level 10. HP: 78/97 MP: 5/9
  6713 | D:7      | Got a blackened great sword
  6714 | D:7      | Identified the +8 great sword "Tituj" {drain, rC+ Dex+2} (You found it on level 7 of the Dungeon)
  6738 | D:7      | Found a glowing silver altar of Zin.
  7025 | D:8      | Found a staircase to the Lair.
  7040 | Lair:1   | Entered Level 1 of the Lair of Beasts
  7067 | Lair:1   | Reached ***** piety under Okawaru
  7418 | Lair:1   | HP: 3/100 [wolf (5)]
  7420 | D:8      | Mangled by a porcupine

Skill      XL: |  1  2  3  4  5  6  7  8  9 10 |
---------------+-------------------------------+-----
Shields        | 4 |  4.1
Fighting       | 4 5 6 7 9 10 12 | 12.9
Long Blades    | 3 4 5 6 |  6.0
Armour         | 4 5 7 8 |  8.7
Staves         | 2 3 5 7 |  7.2
Throwing       | 3 4 |  4.3

Action                   |  1- 3 |  4- 6 |  7- 9 | 10-12 || total
-------------------------+-------+-------+-------+-------++-------
Melee: Long sword        |    85 |   199 |       |       ||   284
       Headbutt          |    10 |    39 |    35 |    11 ||    95
       Quarterstaff      |       |    13 |   282 |     2 ||   297
       Great sword       |       |       |       |    53 ||    53
Invok: Heroism           |       |       |     1 |     1 ||     2
  Use: Scroll            |       |       |     8 |     1 ||     9
       Potion            |       |       |     6 |     1 ||     7
 Stab: Sleeping          |       |       |     1 |       ||     1
  Eat: Chunk             |       |     8 |     4 |     2 ||    14
       Beef jerky        |       |       |     2 |       ||     2
       Meat ration       |       |       |     1 |       ||     1
Armor: Scale mail        |    38 |    80 |    58 |       ||   176
       Leather armour    |       |       |    57 |     9 ||    66
Dodge: Dodged            |    26 |    68 |   134 |    23 ||   251
Block: Shield            |    50 |   106 |       |       ||   156
